 Dungeon Crawl Stone Soup version 0.30-a0-772-g5528072125 (webtiles) character file.

Game seed: 4712430688482990977

299 cowhearter the Cutter (level 6, -8/32 HPs)
             Began as a Vine Stalker Monk on Feb 13, 2023.
             Mangled by an ogre
             ... wielding a +0 giant spiked club
              (14 damage)
             ... on level 4 of the Dungeon.
             The game lasted 00:09:30 (3399 turns).

cowhearter the Cutter (Vine Stalker Monk)           Turns: 3399, Time: 00:09:31

Health: -8/32      AC:  3    Str: 13    XL:     6   Next: 36%
Magic:  0/16       EV: 13    Int: 16    God:
Gold:   157        SH:  4    Dex: 19    Spells: 5/5 levels left

rFire   . . .      SeeInvis .    o - +1 dagger of Moatoyti {heavy, Will+}
rCold   . . .      Faith    .    w - +0 buckler
rNeg    . . .      Spirit   +    b - +0 robe
rPois   .          Reflect  .    (no helmet)
rElec   .          Harm     .    (no cloak)
rCorr   .          Rampage  .    (no gloves)
Will    +....                    e - +0 pair of boots
Stlth   +++                      (no amulet)
HPRegen 1.05/turn                l - +6 ring of intelligence
MPRegen 0.15/turn                q - ring of magical power

@: no status effects
A: fangs 2, regeneration 1, magic shield, antimagic bite, no potion heal 2
a: no special abilities


You were on level 4 of the Dungeon.
You visited 1 branch of the dungeon, and saw 4 of its levels.
You also visited: Sewer.

You collected 157 gold pieces.

Inventory:

Hand Weapons
 a - a +0 short sword
 o - the +1 dagger of Moatoyti (weapon) {heavy, Will+}
   (You found it on level 2 of the Dungeon)

   Will:      It increases your willpower.
Armour
 b - a +0 robe (worn)
 e - a +0 pair of boots (worn)
 w - a +0 buckler (worn)
Jewellery
 l - a +6 ring of intelligence (left hand)
 q - a ring of magical power (right hand)
Scrolls
 d - 4 scrolls of identify {unknown}
 f - 2 scrolls of enchant weapon {unknown}
 h - a scroll of acquirement {unknown}
 p - a scroll of magic mapping {unknown}
 r - a scroll of vulnerability {unknown}
 s - a scroll of fog {unknown}
 t - a scroll of immolation {unknown}
 u - a scroll of blinking
 v - a scroll of butterflies {unknown}
Potions
 c - a potion of ambrosia
 g - a potion of brilliance {unknown}
 i - 3 potions of attraction {unknown}
 j - a potion of berserk rage {unknown}
 k - a potion of lignification {unknown}
 m - a potion of haste {unknown}
 n - 4 potions of curing {unknown}
 x - a potion of resistance {unknown}


   Skills:
 + Level 3.4 Fighting
 * Level 4.9 Short Blades
 + Level 3.2 Dodging
 + Level 4.1 Stealth


You had 5 spell levels left.
You didn't know any spells.
Your spell library contained the following spells:

 Spells                   Type           Power      Damage    Failure   Level
 Cigotuvi's Dreadful Rot  Necr/Pois/Air  0%         N/A       45%         2
 Dispel Undead            Necr           0%         3d6       98%         4
 Death Channel            Necr           0%         N/A       100%        6


Dungeon Overview and Level Annotations

Branches:
Dungeon (4/15)              Sewer (visited)
 Temple: D:4-7

Altars:
Ashenzari
Cheibriados
Okawaru


Innate Abilities, Weirdness & Mutations

You have extremely sharp teeth.
Your natural rate of healing is unusually fast.
When hurt, damage is shared between your health and your magic reserves.
Your bite disrupts and absorbs the magic of your enemies.
Potions cannot restore your health.


Message History

You kill the ufetubus!
Found an iron altar of Okawaru.
An ogre comes into view. It is wielding a +0 giant spiked club.
You see here a wand of mindburst (3).
You see here 2 brown potions.
You see here a wand of mindburst (3).
An endoplasm comes into view.
The ogre shouts!
The ogre barely misses you.
You puncture the ogre!
The ogre is moderately wounded.
You puncture the ogre!
The ogre is heavily wounded.
The ogre hits you with a +0 giant spiked club!!
You hit the ogre but do no damage.
The ogre is heavily wounded.
You block the ogre's attack.
You hit the ogre but do no damage.
The ogre is heavily wounded.
You block the ogre's attack.
You hit the ogre but do no damage.
The ogre is heavily wounded.
You barely miss the ogre. You bite the ogre. You drain its power.
You feel invigorated.
The ogre is heavily wounded.
The ogre closely misses you.
You completely miss the ogre.
The ogre is heavily wounded.
The ogre hits you with a +0 giant spiked club!!
Ouch! That really hurt!
* * * LOW HITPOINT WARNING * * *
The ogre attacks as you move away! The ogre closely misses you.
Found a broken altar of Ashenzari.
The ogre attacks as you move away!
The ogre hits you with a +0 giant spiked club!!
Ouch! That really hurt!
* * * LOW HITPOINT WARNING * * *
The ogre attacks as you move away!
The ogre hits you with a +0 giant spiked club!
You die...

#..../.......# ..
##...!....#...# ...
#..........#.###....
####.......#)#......
##...............
#.........######.
#.......J####
#.........O.#
#8..8##.####@# #
_.... #.# #.####.# #
##..# ### #...##.#.#
_... ########......#
##. #.<.## #..#.###
# ###..# #....#####.
##.###.#..#... .##
#.....##.#.# #..
####
#####>........## #.#


You could see an ogre and an endoplasm.

Vanquished Creatures
  A bullfrog (Sewer)
  A hound (D:2)
  5 adders
  A gnoll (D:1)
  An ufetubus (D:4)
  3 dart slugs
  2 orcs
  15 ball pythons
  3 bats
  19 endoplasms
  11 giant cockroaches
  8 goblins
  7 hobgoblins
  6 jackals
  16 quokkas
  13 frilled lizards
  6 kobolds
  8 rats
126 creatures vanquished.

Notes
Turn   | Place    | Note
-------+----------+-------------------------------------------
     0 | D:1      | cowhearter the Vine Stalker Monk began the quest for the
                  | Orb.
     0 | D:1      | Reached XP level 1. HP: 11/11 MP: 2/2
    48 | D:1      | Reached XP level 2. HP: 16/16 MP: 3/3
   312 | D:1      | Reached XP level 3. HP: 18/19 MP: 4/4
   957 | D:2      | Found a snail-covered altar of Cheibriados.
   971 | D:2      | Gained mutation: Your natural rate of healing is unusually
                  | fast. [Vine Stalker growth]
   971 | D:2      | Reached XP level 4. HP: 24/24 MP: 3/5
  1187 | D:2      | Identified the +1 dagger of Moatoyti {heavy, Will+}
  1588 | D:2      | Reached XP level 5. HP: 28/28 MP: 6/6
  2259 | D:3      | Found a glowing drain.
  2282 | Sewer    | Entered a sewer
  2733 | Sewer    | Reached XP level 6. HP: 17/32 MP: 7/7
  3367 | D:4      | Found an iron altar of Okawaru.
  3393 | D:4      | Found a broken altar of Ashenzari.
  3399 | D:4      | Mangled by an ogre

Illustrated notes

Levels and vault maps discovered:
D:1:      minmay_arrival_open_corners, layout_basic
D:2:      layout_rooms, basic_altar, serial_co_window_serial, co_window_paths_a,
          co_window_of_opportunity_a, co_window_corner_a,
          co_window_of_opportunity_a, co_window_corner_a, co_window_paths_b,
          co_window_of_opportunity_a, co_window_broadway_b, co_window_cross_3,
          co_window_cross_2, co_window_4corner_b, co_window_4corner_a,
          glass_columns_c, minmay_pentomino_r4
D:3:      layout_basic, portal_sewer_entry_f, chequers_serial_rivers_micro_d
D:4:      layout_rooms, minitemple

Skill      XL: |  1  2  3  4  5 |
---------------+----------------+-----
Short Blades   | 3 4 |  4.9
Fighting       | 3 |  3.4
Stealth        | 3 4 |  4.1
Dodging        | 3 |  3.2

Action                     |  1- 3 |  4- 6 || total
---------------------------+-------+-------++-------
  Melee: Short sword       |    79 |    38 ||   117
         Bite              |    16 |    49 ||    65
         Punch             |     1 |     3 ||     4
         Dagger            |       |   229 ||   229
   Stab: Sleeping          |    12 |     9 ||    21
         Distracted        |       |     1 ||     1
 Armour: Robe              |    13 |    77 ||    90
  Dodge: Dodged            |    42 |   257 ||   299
  Block: Buckler           |       |    10 ||    10

Table legend: (Time is in decaauts)
 A = Elapsed time spent in this place.
 B = Non-inter-level travel time spent in this place.
 C = Inter-level travel time spent in this place.
 D = Time resting spent in this place.
 E = Time spent auto-exploring this place.
 F = Levels seen in this place.
 G = Mean time per level.
                   A        B        C        D        E       F      G
               +--------+--------+--------+--------+--------+-----+--------+
         Total |   3530 |   3299 |    231 |    255 |   1852 |   5 |  706.0 |
       Dungeon |   2769 |   2538 |    231 |     92 |   1603 |   4 |  692.2 |
         Sewer |    760 |    760 |      0 |    163 |    249 |   1 |  760.0 |
               +--------+--------+--------+--------+--------+-----+--------+

Top non-repeatable levels by time:
     D:2: 1083 daAuts
     D:1: 942 daAuts
   Sewer: 760 daAuts
     D:3: 553 daAuts
     D:4: 190 daAuts
